 Dungeon Crawl Stone Soup version 0.19-b1-4-gd8a0a2a (webtiles) character file.

8276 syranez the Cleaver (level 11, -18/142 HPs)
             Began as a Green Draconian Berserker on Oct 30, 2016.
             Was a High Priest of Trog.
             Demolished by a skeletal warrior
             ... wielding a +0 halberd
             ... led by a skeletal warrior
              (30 damage)
             ... on level 11 of the Dungeon.
             The game lasted 00:35:00 (12390 turns).

syranez the Cleaver (Green Draconian Berserker)    Turns: 12390, Time: 00:35:00

Health: -18/142    AC: 13    Str: 27    XL:     11   Next: 7%
Magic:  20/20      EV: 16    Int:  9    God:    Trog [*****.]
Gold:   634        SH:  0    Dex: 12    Spells: 0 memorised, 10 levels left

rFire  + . .     SeeInvis .     G - +1 battleaxe (chop)
rCold  x . .     Gourm    .     (armour unavailable)
rNeg   . . .     Faith    +     (shield currently unavailable)
rPois  +         Spirit   .     (helmet restricted)
rElec  .         Reflect  .     v - +2 cloak {+Inv}
rCorr  .         Harm     .     k - +0 pair of gloves
MR     .....     Clarity  +     M - +1 pair of boots {Stlth+}
Stlth  ..........               H - amulet of faith
                                I - ring of magical power
                                c - ring of fire

@: berserking, very quick
A: breathe noxious fumes, unfitting armour, fangs 1, stinger 1, clarity, poison
resistance, strong 1, wild magic 1, cold-blooded, AC +7
a: Breathe Noxious Fumes, Berserk, Trog's Hand, Brothers in Arms, Burn
Spellbooks, Renounce Religion, Evoke Invisibility


You were on level 11 of the Dungeon.
You worshipped Trog.
Trog was extremely pleased with you.
You were very hungry.

You visited 1 branch of the dungeon, and saw 11 of its levels.
You also visited: Ossuary.

You collected 634 gold pieces.

Inventory:

Hand Weapons
 y - a +0 war axe
 G - a +1 battleaxe of chopping (weapon)
 J - a +1 battleaxe of chopping
Missiles
 o - 4 javelins of penetration (quivered)
 w - 2 javelins of returning
 K - 8 tomahawks of returning
Armour
 a - a +0 buckler
 k - a +0 pair of gloves (worn)
 v - a +2 cloak of invisibility (worn)
 M - a +1 pair of boots of stealth (worn)
Jewellery
 c - a ring of fire (left hand)
 H - an amulet of faith (around neck)
 I - a ring of magical power (right hand)
Wands
 q - a wand of flame (17/48)
 r - a wand of lightning (6/15)
 t - a wand of digging (12/24)
 L - a wand of confusion (32/48)
 N - a wand of confusion (19/48)
Scrolls
 e - 8 scrolls of teleportation
 h - 2 scrolls of recharging
 i - 14 scrolls of remove curse
 m - a scroll of fog
 p - 6 scrolls of enchant weapon
 D - a scroll of holy word {unknown}
 F - a scroll of torment
 O - a scroll of immolation {unknown}
Potions
 f - 2 potions of berserk rage
 g - 3 potions of lignification
 s - a potion of brilliance
 x - 3 potions of curing
 z - a potion of mutation
 A - 5 potions of haste
 B - a potion of flight
 C - 2 potions of might
 E - a potion of agility
Comestibles
 b - 7 bread rations
 d - 8 meat rations
 j - 13 fruits
 l - 9 royal jellies
 u - 5 beef jerkies


   Skills:
 + Level 8.5 Fighting
 + Level 11.1 Axes
 + Level 7.3 Throwing
 + Level 7.6 Dodging
 + Level 1.8 Shields


You had 10 spell levels left.
You didn't know any spells.

Dungeon Overview and Level Annotations

Branches:
Dungeon (11/15)            Temple (0/1) D:4            Lair (0/6) D:11
    Orc (0/2) D:10

Altars:
Fedhas
Gozag
Hepliaklqana
Makhleb
Nemelex Xobeh
Qazlal
Sif Muna
Trog
The Shining One
Beogh

Shops:
D:4 **}[


Innate Abilities, Weirdness & Mutations

You can breathe blasts of noxious fumes.
Your lurid green scales are hard. (AC +7)
You cannot fit into any form of body armour.
Your system is resistant to poisons. (rPois)
You are cold-blooded and may be slowed by cold attacks.
You have very sharp teeth.
Your tail ends in a poisonous barb.
You possess an exceptional clarity of mind.
Your muscles are strong. (Str +2)
Your spells are a little harder to cast, but a little more powerful.


Message History

* * * LOW HITPOINT WARNING * * *
The skeletal warrior closely misses you.
You hit the skeletal warrior. You tail-slap the skeletal warrior.
The skeletal warrior is severely damaged.
You barely miss the kobold. x2
You hit the skeletal warrior but do no damage.
The kobold hits you but does no damage. The skeletal warrior misses you.
Unknown command.
You slash the skeletal warrior!
The skeletal warrior is almost destroyed.
You slash the kobold!
You kill the kobold!
Trog accepts your kill.
You slash the kobold!
You kill the kobold!
Trog accepts your kill.
You slash the skeletal warrior!
The skeletal warrior closely misses you.
The skeletal warrior hits you from afar with a halberd!!
You die...

################################
.........>.....................#
...............................#
...............................#
..........(....................#
..............zz...............#
......(.....†(zz@..............#
........K......)...............#
.........(.....................#
######(.(####################..#
(( #..# . #..# ###
###########..# ...
.............# ...
.............#


You could see 4 skeletal warriors.

Vanquished Creatures
  A hill giant (D:11)
  A skeletal warrior (D:11)
  The ghost of nikopol the Chopper, a novice HOBe of Trog (D:4)
  A centaur skeleton (D:11)
  A gargoyle (D:10)
  A komodo dragon (D:11)
  A troll (D:10)
  2 hornets (D:10)
  Prince Ribbit (D:7)
  Eustachio (D:6)
  3 yaks (D:11)
  Menkaure (Ossuary)
  A mottled dragon (D:11)
  A soldier ant (D:10)
  An orc warrior (D:10)
  A sky beast (D:6)
  2 ice beasts
  A hornet zombie (D:9)
  3 phantoms
  An ogre (D:11)
  6 centaurs
  4 bullfrogs
  3 big kobolds
  2 gnoll sergeants
  2 scorpions
  7 wights
  A centaur zombie (D:8)
  3 bullfrog zombies
  4 crimson imps
  3 quasits
  Crazy Yiuf (D:7)
  3 jellies
  4 hounds
  A gnoll shaman (D:9)
  4 orc priests
  A bullfrog skeleton (D:6)
  8 orc wizards
  Terence (D:2)
  An iguana (D:6)
  11 worker ants
  A hound skeleton (D:5)
  4 mummies
  Robin (D:2)
  A worker ant zombie (D:6)
  10 adders
  19 gnolls
  3 shadow imps
  2 oozes
  2 worms
  4 dart slugs
  3 leopard geckos
  31 orcs
  7 bats
  14 giant cockroaches
  13 hobgoblins
  14 jackals
  5 quokkas
  A ball python (D:3)
  7 frilled lizards
  2 gnoll skeletons (Ossuary)
  4 gnoll zombies (Ossuary)
  13 goblins
  3 goblin skeletons (Ossuary)
  7 goblin zombies (Ossuary)
  A hobgoblin skeleton (Ossuary)
  2 hobgoblin zombies (Ossuary)
  23 kobolds
  3 kobold skeletons (Ossuary)
  A kobold zombie (Ossuary)
  4 orc skeletons (Ossuary)
  4 orc zombies (Ossuary)
  2 rats
  3 rat skeletons (Ossuary)
  3 rat zombies (Ossuary)
313 creatures vanquished.

Vanquished Creatures (collateral kills)
  3 yaks (D:10)
  A centaur (D:11)
  A worker ant (D:11)
5 creatures vanquished.

Vanquished Creatures (others)
  A gnoll zombie (Ossuary)
  2 goblin skeletons (Ossuary)
  A hobgoblin zombie (Ossuary)
  2 kobold skeletons (Ossuary)
  5 orc skeletons (Ossuary)
  An orc zombie (Ossuary)
  A rat zombie (Ossuary)
13 creatures vanquished.

Grand Total: 331 creatures vanquished

Notes
Turn   | Place    | Note
-------+----------+-------------------------------------------
     0 | D:1      | syranez the Draconian Berserker began the quest for the Orb.
     0 | D:1      | Reached XP level 1. HP: 19/19 MP: 1/1
   409 | D:1      | Reached XP level 2. HP: 24/26 MP: 2/2
   853 | D:1      | Reached XP level 3. HP: 31/33 MP: 3/3
   928 | D:1      | Reached ** piety under Trog
   992 | D:2      | Noticed Robin
  1084 | D:2      | Killed Robin
  1343 | D:2      | Reached XP level 4. HP: 40/40 MP: 4/4
  1363 | D:2      | Reached skill level 4 in Axes
  1528 | D:2      | Reached skill level 1 in Throwing
  1735 | D:2      | Noticed Terence
  1743 | D:2      | Killed Terence
  1743 | D:2      | Reached XP level 5. HP: 46/46 MP: 5/5
  2160 | D:3      | Found a faded altar of an unknown god.
  2180 | D:3      | Found a burning altar of Makhleb.
  2325 | D:3      | Reached skill level 5 in Axes
  2325 | D:3      | Reached XP level 6. HP: 22/52 MP: 6/6
  2586 | D:3      | Reached *** piety under Trog
  3345 | D:4      | Noticed nikopol's ghost (novice HOBe)
  3363 | D:4      | Killed nikopol's ghost
  3363 | D:4      | Reached skill level 6 in Axes
  3363 | D:4      | Your scales start taking on a lurid green colour.
  3363 | D:4      | Reached XP level 7. HP: 60/60 MP: 7/7
  3363 | D:4      | Gained mutation: Your system is resistant to poisons. (rPois) [Green Draconian growth]
  3486 | D:4      | Found Oxeqor's Gadget Emporium.
  3548 | D:4      | Reached skill level 5 in Fighting
  3720 | D:4      | Found Doirauz's General Store.
  3930 | D:4      | Found Vafetoq's Assorted Antiques.
  4025 | D:4      | Found a stormy altar of Qazlal.
  4039 | D:4      | Reached **** piety under Trog
  4049 | D:4      | Found a blossoming altar of Fedhas.
  4070 | D:4      | Reached XP level 8. HP: 65/69 MP: 8/8
  4110 | D:4      | Found Wimokh's Antique Armour Boutique.
  4111 | D:4      | Found a staircase to the Ecumenical Temple.
  4204 | D:5      | Entered Level 5 of the Dungeon
  4446 | D:5      | Reached skill level 7 in Axes
  4624 | D:5      | Reached skill level 5 in Dodging
  5598 | D:6      | Received a gift from Trog
  5777 | D:6      | Reached skill level 8 in Axes
  5808 | D:6      | Gained mutation: Your tail ends in a poisonous barb. [mutagenic meat]
  5809 | D:6      | Gained mutation: Your muscles are strong. (Str +2) [mutagenic meat]
  5810 | D:6      | Gained mutation: You expend magic power (3 MP) to strengthen your wands. [mutagenic meat]
  5811 | D:6      | Gained mutation: You evolve. [mutagenic meat]
  5812 | D:6      | Gained mutation: You possess an exceptional clarity of mind. [mutagenic meat]
  5813 | D:6      | Gained mutation: You have very sharp teeth. [mutagenic meat]
  6072 | D:6      | Found a bloodstained altar of Trog.
  6153 | D:6      | Noticed Eustachio
  6166 | D:6      | Killed Eustachio
  6166 | D:6      | Reached XP level 9. HP: 78/78 MP: 9/9
  6414 | D:7      | Gained mutation: Your spells are a little harder to cast, but a little more powerful. [evolution]
  7039 | D:7      | Noticed Prince Ribbit
  7565 | D:7      | Found a runed door.
  7569 | D:7      | Noticed Crazy Yiuf
  7572 | D:7      | Killed Crazy Yiuf
  7648 | D:7      | Killed Prince Ribbit
  7809 | D:8      | Found a sand-covered staircase.
  7817 | Ossuary  | Entered an ossuary
  7857 | Ossuary  | Reached ***** piety under Trog
  8095 | Ossuary  | Received a gift from Trog
  8115 | Ossuary  | Noticed Menkaure
  8118 | Ossuary  | Killed Menkaure
  8118 | Ossuary  | Reached skill level 9 in Axes
  8118 | Ossuary  | Reached skill level 5 in Throwing
  8587 | D:8      | Found a hazy altar of Hepliaklqana.
  8587 | D:8      | Found a deep blue altar of Sif Muna.
  8650 | D:8      | Found an opulent altar of Gozag.
  8819 | D:8      | Found a bloodstained altar of Trog.
  8819 | D:8      | Found a glowing golden altar of the Shining One.
  9183 | D:9      | Found a sparkling altar of Nemelex Xobeh.
  9404 | D:9      | Received a gift from Trog
  9868 | D:10     | Entered Level 10 of the Dungeon
  9909 | D:10     | Reached skill level 1 in Shields
  9909 | D:10     | Reached XP level 10. HP: 83/86 MP: 10/10
  9980 | D:10     | Found a staircase to the Orcish Mines.
 10630 | D:10     | Reached skill level 10 in Axes
 10865 | D:10     | Found a blossoming altar of Fedhas.
 10963 | D:10     | Found a roughly hewn altar of Beogh.
 11046 | D:10     | Noticed a gargoyle
 11051 | D:10     | Killed a gargoyle
 11389 | D:11     | Noticed a six-headed hydra
 11392 | D:11     | Noticed a hill giant
 11925 | D:11     | Killed a hill giant
 12006 | D:11     | Found a staircase to the Lair.
 12342 | D:11     | Reached skill level 11 in Axes
 12368 | D:11     | Reached XP level 11. HP: 91/95 MP: 11/11
 12369 | D:11     | Noticed a skeletal warrior
 12370 | D:11     | Noticed a skeletal warrior
 12371 | D:11     | Lost mutation: You expend magic power (3 MP) to strengthen your wands. [evolution]
 12371 | D:11     | Lost mutation: You evolve. [end of evolution]
 12372 | D:11     | Noticed a skeletal warrior
 12374 | D:11     | Noticed a skeletal warrior
 12384 | D:11     | Noticed a skeletal warrior
 12386 | D:11     | Killed a skeletal warrior
 12390 | D:11     | Demolished by a skeletal warrior

Skill      XL: |  1  2  3  4  5  6  7  8  9 10 |
---------------+-------------------------------+-----
Dodging        | 3 4 5 6 7 |  7.6
Axes           | 4 5 6 8 9 11 | 11.1
Throwing       | 1 2 3 4 6 7 |  7.3
Fighting       | 4 5 6 7 8 |  8.5
Shields        | 1 |  1.8

Action                   |  1- 3 |  4- 6 |  7- 9 | 10-12 || total
-------------------------+-------+-------+-------+-------++-------
Melee: Hand axe          |    81 |   176 |   345 |       ||   602
       Tailslap          |    11 |    18 |    72 |    18 ||   119
       Bite              |       |       |    26 |    14 ||    40
       War axe           |       |       |   143 |    94 ||   237
       Battleaxe         |       |       |       |    43 ||    43
Throw: Javelin           |    19 |    15 |   148 |    51 ||   233
       Stone             |    17 |    17 |    75 |       ||   109
Invok: Berserk           |     1 |     5 |     7 |     6 ||    19
       Brothers in Arms  |       |       |       |     2 ||     2
       Burn Spellbooks   |       |       |       |     1 ||     1
 Abil: Breathe Noxious F |       |       |       |     1 ||     1
  Use: Potion            |       |     2 |     4 |     2 ||     8
       Scroll            |       |       |    13 |     1 ||    14
 Stab: Sleeping          |     1 |     2 |       |     2 ||     5
       Invisible         |       |       |     3 |       ||     3
  Eat: Chunk             |     2 |     6 |    15 |    11 ||    34
       Meat ration       |       |     1 |     3 |       ||     4
       Fruit             |       |       |     1 |     2 ||     3
       Royal jelly       |       |       |     1 |       ||     1
       Pizza             |       |       |     1 |       ||     1
Armor: Skin              |    13 |    42 |   120 |    53 ||   228
Dodge: Dodged            |    47 |   123 |   308 |   125 ||   603
Block: Buckler           |       |       |    16 |    24 ||    40
